 Dungeon Sprint DCSS version 0.27.1-34-g3ba077fa99 (webtiles) character file.

Game seed: 968074353525079905

10227 boopmooplesden the Hoplite (level 16, -8/128 HPs)
             Began as a Minotaur Fighter on Jan 7, 2022.
             Was the Champion of Okawaru.
             Mangled by an alligator (glowing shapeshifter) (18 damage)
             ... in the Dungeon (Sprint VI: "Thunderdome").
             The game lasted 00:21:51 (3293 turns).

boopmooplesden the Hoplite (Minotaur Fighter)       Turns: 3293, Time: 00:21:52

Health: -8/128     AC: 14    Str: 24      XL:     16   Next: 30%
Magic:  33/33      EV: 13    Int:  0 (8)  God:    Okawaru [******]
Gold:   2886       SH: 18    Dex: 11      Spells: 16/16 levels left

rFire    + + +     SeeInvis .   s - +2 trident (vamp)
rCold    + + +     Faith    .   y - +0 kite shield of Ashenzari's Regard {Fly rC+ MP+9 Stlth-}
rNeg     . . .     Spirit   .   B - +0 gold dragon scales
rPois    +         Reflect  .   (helmet restricted)
rElec    +         Harm     .   z - +1 cloak "Gozomiof" {rElec rF+ Int-4}
rCorr    .         Rampage  +   x - +1 pair of gloves of the Miller {rF++ Regen+ Int+3}
Will     +....     NoTele   +   t - -2 pair of boots "Yduocoi" {Rampage Str+2}
Stlth    ..........             o - amulet of Biablet {Acrobat rElec rPois Regen+ MP+9}
HPRegen  2.31/turn              u - ring "Voosin" {rPois Int+3}
MPRegen  0.23/turn              q - ring of Lust {EV+4 Str+2}

@: corroded, flying, slowed, lost intelligence, studying Shields, very slow
A: horns 2, retaliatory headbutt, clumsy 1, cold resistance 1, frail 2, low mp
2, mutation resistance 1, weak 2, no potion heal 1, subdued magic 2
}: 3/15 runes: serpentine, elven, gossamer
a: Renounce Religion, Heroism, Finesse


You were in the Dungeon.
You worshipped Okawaru.
Okawaru was exalted by your worship.
You visited 1 branch You collected 6600 gold pieces.
You spent 3714 gold pieces at shops.

Inventory:

Hand Weapons
 a - a +0 war axe
 s - a +2 vampiric trident (weapon)
Missiles
 F - 4 datura-tipped darts (quivered)
Armour
 b - a +0 scale mail
 c - a +0 kite shield
 r - a +0 pair of gloves
 t - the -2 pair of boots "Yduocoi" (worn) {Rampage Str+2}
   (You bought it in a shop in the Dungeon)

   Str:       It affects your strength (+2).
   Rampage:   It bestows one free step when moving towards enemies.
 v - +0 acid dragon scales
 w - the +3 leather armour of the Turtle {Str+2}
   (You bought it in a shop in the Dungeon)

   Str:       It affects your strength (+2).
 x - the +1 pair of gloves of the Miller (worn) {rF++ Regen+ Int+3}
   (You bought it in a shop in the Dungeon)

   Int:       It affects your intelligence (+3).
   rF:        It greatly protects you from fire.
   Regen:     It increases your rate of health regeneration.
 y - the +0 kite shield of Ashenzari's Regard (worn) {Fly rC+ MP+9 Stlth-}
   (You bought it in a shop in the Dungeon)

   rC:        It protects you from cold.
   MP:        It affects your magic capacity (+9).
   Fly:       It grants you flight.
   Stlth:     It makes you less stealthy.
 z - the +1 cloak "Gozomiof" (worn) {rElec rF+ Int-4}
   (You bought it in a shop in the Dungeon)

   Int:       It affects your intelligence (-4).
   rF:        It protects you from fire.
   rElec:     It insulates you from electricity.
 B - +0 gold dragon scales (worn)
Jewellery
 o - the amulet of Biablet (around neck) {Acrobat rElec rPois Regen+ MP+9}
   (You bought it in a shop in the Dungeon)

   [amulet of the acrobat]

   It increases your evasion while moving and waiting.
   rElec:     It insulates you from electricity.
   rPois:     It protects you from poison.
   MP:        It affects your magic capacity (+9).
   Regen:     It increases your rate of health regeneration.
 p - the ring "Rosigoe Joxa" {rElec rPois Str+2 SInv}
   (You bought it in a shop in the Dungeon)

   [ring of see invisible]

   Str:       It affects your strength (+2).
   rElec:     It insulates you from electricity.
   rPois:     It protects you from poison.
   SInv:      It lets you see invisible.
 q - the ring of Lust (right hand) {EV+4 Str+2}
   (You bought it in a shop in the Dungeon)

   [ring of evasion]

   EV:        It affects your evasion (+4).
   Str:       It affects your strength (+2).
 u - the ring "Voosin" (left hand) {rPois Int+3}
   (You bought it in a shop in the Dungeon)

   [ring of poison resistance]

   Int:       It affects your intelligence (+3).
   rPois:     It protects you from poison.
 C - the ring "Ugugawiu" {Fly Int+4}
   (You bought it in a shop in the Dungeon)

   [ring of flight]

   Int:       It affects your intelligence (+4).
   Fly:       It grants you flight.
 D - the ring "Poitelef" {rPois Will+ rCorr}
   (You bought it in a shop in the Dungeon)

   [ring of willpower]

   rPois:     It protects you from poison.
   rCorr:     It protects you from acid and corrosion.
   Will:      It increases your willpower.
Wands
 l - a wand of acid (1)
 m - a wand of iceblast (1)
Scrolls
 j - 4 scrolls of blinking
 n - 3 scrolls of fog
Potions
 d - a potion of might
 e - 2 potions of curing
 f - 4 potions of heal wounds
 g - 4 potions of haste
 h - 2 potions of magic
 i - a potion of berserk rage
 k - 2 potions of resistance
 E - 2 potions of mutation
Miscellaneous
 A - a box of beasts


   Skills:
 + Level 19.0 Fighting
 + Level 1.0(1.2) Short Blades
 + Level 1.1(1.3) Long Blades
 + Level 16.1(19.0) Axes
 + Level 1.1(10.9) Maces & Flails
 + Level 17.5(19.7) Polearms
 + Level 1.2(11.9) Staves
 + Level 1.0(1.2) Slings
 + Level 1.0 Bows
 + Level 1.0 Crossbows
 + Level 0.8(1.1) Throwing
 + Level 17.2 Armour
 + Level 10.4 Dodging
 + Level 2.7 Stealth
 + Level 24.4 Shields
 + Level 1.0 Unarmed Combat
 + Level 0.5 Spellcasting
 + Level 0.5 Conjurations
 + Level 0.5 Hexes
 + Level 0.5 Summonings
 + Level 0.5 Necromancy
 + Level 0.6 Translocations
 + Level 0.8 Transmutations
 + Level 0.5 Fire Magic
 + Level 0.5 Ice Magic
 + Level 0.6 Air Magic
 + Level 0.6 Earth Magic
 + Level 0.9 Poison Magic
 + Level 6.8 Invocations
 + Level 3.8 Evocations


You had 16 spell levels left.
You didn't know any spells.
Your spell library was empty.

Dungeon Overview and Level Annotations

Branches:
Dungeon (1/1)

Altars:
Cheibriados
Dithmenos
Fedhas
Gozag
Kikubaaqudgha
Makhleb
Okawaru
Qazlal
Ru
Sif Muna
Trog
Uskayaw
Vehumet
Wu Jian
Xom
Yredelemnul
Zin
The Shining One
Beogh
Jiyva
Lugonu

Shops:
D *[??*?*:[((!!!!


Innate Abilities, Weirdness & Mutations

You have a pair of horns on your head.
You reflexively headbutt those who attack you in melee.
You are clumsy. (Dex -2)
Your flesh is cold resistant. (rC+)
You are very frail. (-20% HP)
Your magical capacity is very low. (-20% MP)
You are somewhat resistant to further mutation.
You are very weak. (Str -4)
Potions are less effective at restoring your health.
Your spells are easier to cast, but less powerful.


Message History

You block the goliath frog's attack.
Unknown command.
You closely miss the goliath frog. Your headbutt misses the goliath frog.
The goliath frog is severely wounded.
The ettin changes into an alligator!
You block the goliath frog's attack.
The shock serpent bites you but does no damage.
You barely miss the goliath frog. Your headbutt misses the goliath frog.
The goliath frog is severely wounded.
The shock serpent bites you. The shock serpent shocks you. You resist.
The goliath frog hits you but does no damage.
The alligator puts on a burst of speed!
You hit the goliath frog.
You feel better.
The goliath frog is almost dead.
The shock serpent shoots out a bolt of lightning at you!
The bolt of electricity hits you. You resist. The goliath frog hits you.
You are splashed with acid!
* * * LOW HITPOINT WARNING * * *
The alligator bites you.
* * * LOW HITPOINT WARNING * * *
You block the alligator's attack. You block the shock serpent's attack.
You miss the goliath frog.
The goliath frog is severely wounded.
The goliath frog changes into a wolf spider!
The shock serpent changes into a death drake!
You block the alligator's attack.
The alligator tail-slaps you but does no damage.
You puncture the wolf spider!
The wolf spider is almost dead.
The death drake changes into a wind drake!
You block the wolf spider's attack.
The wolf spider bites you but does no damage.
The alligator bites you!!
* * * LOW HITPOINT WARNING * * *
You block the alligator's attack.
You barely miss the wolf spider.
The wolf spider is almost dead.
The wind drake changes into something you cannot see!
The wolf spider misses you. You block the wolf spider's attack.
The alligator bites you!!
You die...

###...)..)..###
#⌠.[......(.[⌠#
######.8[........8.#
##.___.)....###...[[.
###∩........8.# #.8.°..
##...†.....))))###.†°...
#⌠..........###...###...
#⌠....|)t...# #.<.# #...
#⌠.....@s...###).)###...
##......{....).###[.....
###∩........8.# #.8)...
##∩___......###......
######.8......[..8.#
#⌠...........⌠#
###.........###
#_......._# #_.[......#


You could see an alligator shaped shifter (swift) and a wolf spider shaped
shifter.

Vanquished Creatures
  A deep elf elementalist (D)
  Arachne (D)
  A bunyip (D)
  An eleionoma (D)
  An ettin (shapeshifter) (D)
  A naga warrior (D)
  7 hydras (D)
  A centaur warrior (D)
  2 ogre magi (D)
  A two-headed ogre (shapeshifter) (D)
  4 two-headed ogres (D)
  An alligator (D)
  Nergalle (D)
  A goliath frog (D)
  2 swamp dragons (D)
  A swamp dragon (shapeshifter) (D)
  A glowing orange brain (shapeshifter) (D)
  A bog body (D)
  A phantasmal warrior (D)
  A mana viper (D)
  14 shining eyes (D)
  8 moths of wrath (D)
  2 rust devils (D)
  2 gargoyles (D)
  A komodo dragon (D)
  2 rime drakes (D)
  Sigmund (D)
  5 wraiths (D)
  2 steam dragons (D)
  21 neqoxecs (D)
  A golden eye (shapeshifter) (D)
  Grum (D)
  2 nagas (D)
  A swamp worm (shapeshifter) (D)
  A hell hound (D)
  3 acid dragons (D)
  A swamp drake (D)
  5 ogres (D)
  4 wolves (D)
  3 phantoms (D)
  6 earth elementals (D)
  2 iron imps (D)
  An orc wizard (D)
  An adder skeleton (D)
  An adder zombie (D)
  2 orcs (D)
  A bat zombie (D)
  An endoplasm (D)
  A ball python skeleton (D)
  A bat (D)
  A jackal skeleton (D)
129 creatures vanquished.

Vanquished Creatures (others)
  A bloated husk (D)
1 creature vanquished.

Grand Total: 130 creatures vanquished

Notes
Turn   | Place    | Note
-------+----------+-------------------------------------------
     0 | D        | boopmooplesden the Minotaur Fighter began the quest for the
                  | Orb.
     0 | D        | Reached XP level 1. HP: 19/19 MP: 0/0
     3 | D        | Found a hide-covered altar of Uskayaw.
     3 | D        | Found a shimmering altar of Xom.
     4 | D        | Found a radiant altar of Vehumet.
     4 | D        | Found a stormy altar of Qazlal.
     5 | D        | Found an ornate altar of the Wu Jian Council.
     5 | D        | Found a basalt altar of Yredelemnul.
     5 | D        | Round 1.
     6 | D        | Found a glowing golden altar of the Shining One.
     6 | D        | Found a burning altar of Makhleb.
     6 | D        | Found Emimiur's Identification Station.
     7 | D        | Found Lumugih's Jewellery.
     7 | D        | Found Doodd's Advanced Armour.
    15 | D        | Bought a brightly glowing emerald amulet for 45 gold pieces
    15 | D        | Identified the amulet of Biablet {Acrobat rElec rPois
                  | Regen+ MP+9} (You bought it in a shop in the Dungeon)
    15 | D        | Bought a twitching marble ring for 45 gold pieces
    15 | D        | Identified the ring "Rosigoe Joxa" {rElec rPois Str+2 SInv}
                  | (You bought it in a shop in the Dungeon)
    15 | D        | Bought a transparent copper ring for 45 gold pieces
    15 | D        | Identified the ring of Lust {EV+4 Str+2} (You bought it in
                  | a shop in the Dungeon)
    25 | D        | Found a bloodstained altar of Trog.
    27 | D        | Found a viscous altar of Jiyva.
    30 | D        | Found Neonosk's Premium Goods.
    31 | D        | Found a shimmering blue altar of Sif Muna.
    31 | D        | Found Zaemya's Weapon Rack.
    31 | D        | Found Neanou's Miscellaneous Merchandise.
    31 | D        | Found Valiblei's Basic Armour.
    33 | D        | Noticed Sigmund
    35 | D        | Found a corrupted altar of Lugonu.
    37 | D        | Found a snail-covered altar of Cheibriados.
    43 | D        | Killed Sigmund
    44 | D        | Reached skill level 7 in Shields
    44 | D        | Reached XP level 2. HP: 34/35 MP: 1/1
    44 | D        | Reached XP level 3. HP: 39/40 MP: 2/2
    44 | D        | Reached XP level 4. HP: 47/48 MP: 2/3
    44 | D        | Reached XP level 5. HP: 52/53 MP: 2/4
    50 | D        | Bought a +0 pair of gloves for 54 gold pieces
    69 | D        | Found an opulent altar of Gozag.
    69 | D        | Found an iron altar of Okawaru.
    70 | D        | Found a glowing silver altar of Zin.
    70 | D        | Found a sacrificial altar of Ru.
    70 | D        | Found Wuigi's Magic Scroll Shop.
    70 | D        | Found Ushiunk's Staff Store.
    71 | D        | Found Penohych's Magic Scroll Shop.
    71 | D        | Found Veawuoc's Must-Have Magic.
    74 | D        | Found an ancient bone altar of Kikubaaqudgha.
    75 | D        | Found a shadowy altar of Dithmenos.
    77 | D        | Found Veyli's Distillery.
    78 | D        | Found Hurghi's Distillery.
    78 | D        | Found Neniopej's Bottled Wisdom.
    78 | D        | Found a blossoming altar of Fedhas.
    78 | D        | Found Segray's Do-It-Yourself Clinic.
   114 | D        | Noticed a phantom
   124 | D        | Killed a phantom
   124 | D        | Arena points: 14 (+14) [x2]
   125 | D        | Reached skill level 8 in Shields
   183 | D        | Round 2.
   207 | D        | Noticed a phantom
   212 | D        | Killed a phantom
   213 | D        | Reached skill level 5 in Axes
   213 | D        | Reached skill level 1 in Dodging
   213 | D        | Reached skill level 9 in Shields
   213 | D        | Reached XP level 6. HP: 63/63 MP: 5/5
   220 | D        | Became a worshipper of Warmaster Okawaru
   302 | D        | Arena points: 56 (+42) [x3]
   363 | D        | Round 3.
   403 | D        | Noticed a rust devil
   408 | D        | Killed a rust devil
   408 | D        | Reached * piety under Okawaru
   409 | D        | Reached skill level 10 in Fighting
   409 | D        | Reached skill level 10 in Armour
   409 | D        | Reached skill level 10 in Shields
   409 | D        | Reached skill level 1 in Evocations
   409 | D        | Reached XP level 7. HP: 72/72 MP: 6/6
   414 | D        | Noticed a gargoyle
   423 | D        | Killed a gargoyle
   423 | D        | Reached ** piety under Okawaru
   424 | D        | Reached skill level 11 in Shields
   429 | D        | Reached XP level 8. HP: 78/81 MP: 7/7
   465 | D        | Arena points: 140 (+84) [x4]
   466 | D        | Reached skill level 10 in Axes
   521 | D        | Round 4.
   602 | D        | Noticed Grum
   611 | D        | Killed Grum
   612 | D        | Reached skill level 1 in Stealth
   661 | D        | Arena points: 280 (+140) [x5]
   671 | D        | Bought a pair of steaming boots for 332 gold pieces
   671 | D        | Identified the -2 pair of boots "Yduocoi" {Rampage Str+2}
                  | (You bought it in a shop in the Dungeon)
   721 | D        | Round 5.
   738 | D        | Noticed a mana viper
   752 | D        | Killed a mana viper
   752 | D        | Reached *** piety under Okawaru
   753 | D        | Reached skill level 12 in Shields
   753 | D        | Reached skill level 1 in Invocations
   753 | D        | Reached XP level 9. HP: 71/89 MP: 0/8
   786 | D        | Noticed a naga warlord
   810 | D        | Killed a naga warlord
   810 | D        | Arena points: 560 (+280) [x7]
   811 | D        | Reached skill level 5 in Dodging
   811 | D        | Reached skill level 13 in Shields
   813 | D        | Got a serpentine rune of Zot
   818 | D        | Bought a brightly glowing hat for 315 gold pieces
   818 | D        | Identified the -6 hat of the Several Lives {rElec rC+
                  | Int-2} (You bought it in a shop in the Dungeon)
   996 | D        | Round 6.
  1010 | D        | Noticed a komodo dragon
  1019 | D        | Killed a komodo dragon
  1019 | D        | Reached **** piety under Okawaru
  1019 | D        | Received a gift from Okawaru
  1060 | D        | Noticed a rime drake
  1067 | D        | Killed a rime drake
  1068 | D        | Reached XP level 10. HP: 64/97 MP: 10/10
  1114 | D        | Reached skill level 14 in Shields
  1142 | D        | Arena points: 992 (+432) [x8]
  1164 | D        | Bought a ruby-encrusted leather armour for 245 gold pieces
  1164 | D        | Identified the +3 leather armour of the Turtle {Str+2} (You
                  | bought it in a shop in the Dungeon)
  1201 | D        | Round 7.
  1226 | D        | Noticed an eight-headed hydra
  1237 | D        | Killed an eight-headed hydra
  1238 | D        | Reached skill level 15 in Axes
  1238 | D        | Reached skill level 1 in Polearms
  1279 | D        | Reached skill level 15 in Shields
  1287 | D        | Noticed a gargoyle
  1289 | D        | Noticed a two-headed ogre
  1289 | D        | Noticed a centaur warrior
  1300 | D        | Killed a gargoyle
  1311 | D        | Killed a centaur warrior
  1311 | D        | Reached ***** piety under Okawaru
  1316 | D        | Killed a two-headed ogre
  1316 | D        | Arena points: 1496 (+504) [x9]
  1317 | D        | Reached skill level 5 in Polearms
  1317 | D        | Reached skill level 16 in Shields
  1331 | D        | Bought a pair of crude gloves for 332 gold pieces
  1331 | D        | Identified the +1 pair of gloves of the Miller {rF++ Regen+
                  | Int+3} (You bought it in a shop in the Dungeon)
  1356 | D        | Round 8.
  1369 | D        | Noticed a two-headed ogre
  1383 | D        | Killed a two-headed ogre
  1437 | D        | Reached XP level 11. HP: 107/107 MP: 13/13
  1459 | D        | Noticed an ogre mage
  1471 | D        | Killed an ogre mage
  1472 | D        | Reached skill level 17 in Shields
  1485 | D        | Noticed an ogre mage
  1495 | D        | Killed an ogre mage
  1499 | D        | Arena points: 2216 (+720) [x10]
  1514 | D        | Bought a spiked kite shield for 332 gold pieces
  1514 | D        | Identified the +0 kite shield of Ashenzari's Regard {Fly
                  | rC+ MP+9 Stlth-} (You bought it in a shop in the Dungeon)
  1558 | D        | Round 9.
  1558 | D        | Noticed Nergalle
  1574 | D        | Reached skill level 10 in Polearms
  1586 | D        | Killed Nergalle
  1586 | D        | Received a gift from Okawaru
  1591 | D        | Reached skill level 18 in Shields
  1596 | D        | Noticed a phantasmal warrior
  1598 | D        | Noticed a phantasmal warrior
  1613 | D        | Killed a phantasmal warrior
  1619 | D        | Arena points: 3008 (+792) [x11]
  1634 | D        | Round 10.
  1636 | D        | Bought a fading cloak for 332 gold pieces
  1636 | D        | Identified the +1 cloak "Gozomiof" {rElec rF+ Int-4} (You
                  | bought it in a shop in the Dungeon)
  1641 | D        | Noticed Arachne
  1684 | D        | Killed Arachne
  1684 | D        | Arena points: 4178 (+1170) [x13]
  1685 | D        | Reached skill level 19 in Shields
  1687 | D        | Got a gossamer rune of Zot
  1886 | D        | Bought a scroll of enchant weapon for 150 gold pieces
  1889 | D        | Round 11.
  1939 | D        | Reached XP level 12. HP: 118/118 MP: 14/14
  1956 | D        | Received a gift from Okawaru
  1957 | D        | Reached skill level 15 in Fighting
  1957 | D        | Reached skill level 5 in Invocations
  1957 | D        | Noticed a two-headed ogre
  1968 | D        | Killed a two-headed ogre
  2012 | D        | Noticed a two-headed ogre
  2016 | D        | Reached skill level 10 in Dodging
  2026 | D        | Killed a two-headed ogre
  2026 | D        | Reached ****** piety under Okawaru
  2026 | D        | Arena points: 5872 (+1694) [x14]
  2027 | D        | Reached skill level 20 in Shields
  2049 | D        | Bought +0 gold dragon scales for 960 gold pieces
  2084 | D        | Round 12.
  2214 | D        | Noticed an iron elemental
  2264 | D        | Arena points: 5944 (+72) [x1]
  2274 | D        | Round 13.
  2282 | D        | Gained mutation: You are clumsy. (Dex -2) [a shining eye]
  2295 | D        | Gained mutation: Armour fits poorly on your strangely
                  | shaped body. [a shining eye]
  2298 | D        | Gained mutation: You sometimes lose the ability to read
                  | scrolls when taking damage. [a shining eye]
  2313 | D        | Gained mutation: You are very clumsy. (Dex -4) [a shining
                  | eye]
  2320 | D        | Reached skill level 15 in Polearms
  2332 | D        | Gained mutation: Your body sometimes deteriorates upon
                  | taking damage. [a shining eye]
  2336 | D        | Gained mutation: Your magical capacity is low. (-10% MP) [a
                  | shining eye]
  2355 | D        | Gained mutation: You are weak. (Str -2) [a shining eye]
  2369 | D        | Gained mutation: Your spells are a little easier to cast,
                  | but a little less powerful. [a shining eye]
  2376 | D        | Gained mutation: You are very weak. (Str -4) [a shining
                  | eye]
  2376 | D        | Gained mutation: Your body often deteriorates upon taking
                  | damage. [a shining eye]
  2377 | D        | Gained mutation: You are dopey. (Int -2) [a shining eye]
  2383 | D        | Gained mutation: You are somewhat resistant to further
                  | mutation. [a shining eye]
  2387 | D        | Gained mutation: Your magical capacity is very low. (-20%
                  | MP) [a shining eye]
  2387 | D        | Gained mutation: Your spells are easier to cast, but less
                  | powerful. [a shining eye]
  2403 | D        | Gained mutation: Potions are less effective at restoring
                  | your health. [a shining eye]
  2406 | D        | Gained mutation: You are very dopey. (Int -4) [a shining
                  | eye]
  2408 | D        | Gained mutation: You are frail. (-10% HP) [a shining eye]
  2412 | D        | Gained mutation: You are very frail. (-20% HP) [a shining
                  | eye]
  2423 | D        | Arena points: 6334 (+390) [x2]
  2428 | D        | Reached XP level 13. HP: 104/104 MP: 12/12
  2429 | D        | Reached skill level 1 in Staves
  2429 | D        | Reached XP level 14. HP: 110/110 MP: 13/13
  2478 | D        | Round 14.
  2499 | D        | Lost intelligence.
  2511 | D        | Reached skill level 21 in Shields
  2571 | D        | Reached skill level 15 in Armour
  2616 | D        | Reached skill level 22 in Shields
  2616 | D        | Reached XP level 15. HP: 119/119 MP: 14/14
  2616 | D        | Received a gift from Okawaru
  2625 | D        | Arena points: 6964 (+630) [x3]
  2668 | D        | Bought a flickering lapis lazuli ring for 45 gold pieces
  2668 | D        | Identified the ring "Voosin" {rPois Int+3} (You bought it
                  | in a shop in the Dungeon)
  2668 | D        | Bought a fine copper ring for 45 gold pieces
  2668 | D        | Identified the ring "Ugugawiu" {Fly Int+4} (You bought it
                  | in a shop in the Dungeon)
  2668 | D        | Bought a fine lead ring for 45 gold pieces
  2668 | D        | Identified the ring "Poitelef" {rPois Will+ rCorr} (You
                  | bought it in a shop in the Dungeon)
  2676 | D        | Round 15.
  2728 | D        | Arena points: 7789 (+825) [x5]
  2729 | D        | Reached skill level 23 in Shields
  2731 | D        | Got an elven rune of Zot
  2924 | D        | Round 16.
  2990 | D        | Gained mutation: You are extremely frail. (-30% HP) [a
                  | neqoxec]
  2999 | D        | Lost intelligence.
  3000 | D        | Gained mutation: Your magical capacity is extremely low.
                  | (-30% MP) [a neqoxec]
  3024 | D        | Gained mutation: Your spells are much easier to cast, but
                  | much less powerful. [a neqoxec]
  3071 | D        | Arena points: 9037 (+1248) [x6]
  3075 | D        | Reached skill level 1 in Short Blades
  3075 | D        | Reached skill level 1 in Long Blades
  3075 | D        | Reached skill level 1 in Maces & Flails
  3075 | D        | Reached skill level 1 in Slings
  3075 | D        | Reached skill level 1 in Bows
  3075 | D        | Reached skill level 1 in Crossbows
  3075 | D        | Reached skill level 1 in Unarmed Combat
  3075 | D        | Reached XP level 16. HP: 111/111 MP: 13/13
  3098 | D        | Round 17.
  3099 | D        | Bought 3 potions of mutation for 168 gold pieces
  3099 | D        | Bought 2 potions of mutation for 112 gold pieces
  3099 | D        | Bought 2 potions of mutation for 112 gold pieces
  3099 | D        | Lost mutation: Your magical capacity is extremely low.
                  | (-30% MP) [potion of mutation]
  3099 | D        | Lost mutation: Your body often deteriorates upon taking
                  | damage. [potion of mutation]
  3099 | D        | Lost mutation: You are very dopey. (Int -4) [potion of
                  | mutation]
  3110 | D        | Gained mutation: You occasionally shout uncontrollably at
                  | your foes. [a neqoxec]
  3112 | D        | Gained mutation: You are very dopey. (Int -4) [a neqoxec]
  3113 | D        | Lost mutation: You sometimes lose the ability to read
                  | scrolls when taking damage. [a neqoxec]
  3136 | D        | Lost mutation: Your spells are much easier to cast, but
                  | much less powerful. [a neqoxec]
  3137 | D        | Gained mutation: Your magical capacity is extremely low.
                  | (-30% MP) [a neqoxec]
  3156 | D        | Arena points: 10227 (+1190) [x7]
  3161 | D        | Lost mutation: You are somewhat resistant to further
                  | mutation. [potion of mutation]
  3161 | D        | Lost mutation: You are very clumsy. (Dex -4) [potion of
                  | mutation]
  3162 | D        | Lost mutation: You are clumsy. (Dex -2) [potion of
                  | mutation]
  3162 | D        | Lost mutation: Armour fits poorly on your strangely shaped
                  | body. [potion of mutation]
  3162 | D        | Lost mutation: You are very dopey. (Int -4) [potion of
                  | mutation]
  3163 | D        | Lost mutation: Your magical capacity is extremely low.
                  | (-30% MP) [potion of mutation]
  3163 | D        | Lost mutation: You are dopey. (Int -2) [potion of mutation]
  3163 | D        | Gained mutation: You are clumsy. (Dex -2) [potion of
                  | mutation]
  3163 | D        | Gained mutation: You expend magic power (3 MP) to
                  | strengthen your wands. [potion of mutation]
  3163 | D        | Lost mutation: You expend magic power (3 MP) to strengthen
                  | your wands. [potion of mutation]
  3164 | D        | Lost mutation: You occasionally shout uncontrollably at
                  | your foes. [potion of mutation]
  3164 | D        | Lost mutation: Your body sometimes deteriorates upon taking
                  | damage. [potion of mutation]
  3164 | D        | Lost mutation: You are extremely frail. (-30% HP) [potion
                  | of mutation]
  3164 | D        | Gained mutation: Your flesh is cold resistant. (rC+)
                  | [potion of mutation]
  3166 | D        | Round 18.
  3201 | D        | Reached skill level 24 in Shields
  3236 | D        | Received a gift from Okawaru
  3274 | D        | Gained mutation: You are somewhat resistant to further
                  | mutation. [a shining eye]
  3293 | D        | Mangled by an alligator (glowing shapeshifter)

Illustrated notes

Levels and vault maps discovered:
D:        arena_sprint

Skill      XL: |  1  2  3  4  5  6  7  8  9 10 11 12 13 14 15 16 |
---------------+-------------------------------------------------+-----
Fighting       | 7 9 10 11 12 13 14 16 17 18 19 | 19.0
Axes           | 4 5 8 9 12 14 16 | 16.1
Armour         | 8 9 10 11 12 13 14 15 16 17 | 17.2
Shields        | 7 9 10 11 12 13 16 19 20 22 23 24 | 24.4
Dodging        | 1 2 4 6 7 9 10 | 10.4
Evocations     | 1 2 3 |  3.8
Stealth        | 1 2 |  2.7
Invocations    | 1 2 4 5 6 |  6.8
Polearms       | 7 13 15 16 17 | 17.5
Staves         | 1 |  1.2
Short Blades   | 1 |  1.0
Long Blades    | 1 |  1.1
Maces & Flails | 1 |  1.1
Slings         | 1 |  1.0
Bows           | 1 |  1.0
Crossbows      | 1 |  1.0
Unarmed Combat | 1 |  1.0
Throwing       | |  0.8
Spellcasting   | |  0.5
Conjurations   | |  0.5
Hexes          | |  0.5
Summonings     | |  0.5
Necromancy     | |  0.5
Translocations | |  0.6
Transmutations | |  0.8
Fire Magic     | |  0.5
Ice Magic      | |  0.5
Air Magic      | |  0.6
Earth Magic    | |  0.6
Poison Magic   | |  0.9

Action                   |  1- 3 |  4- 6 |  7- 9 | 10-12 | 13-15 | 16-18 || total
-------------------------+-------+-------+-------+-------+-------+-------++-------
Melee: War axe           |     4 |    24 |   102 |    18 |       |       ||   148
       Headbutt          |       |     3 |    24 |   113 |    48 |    23 ||   211
       Trident           |       |       |       |   340 |   204 |   132 ||   676
Invok: Heroism           |       |       |     7 |    10 |     7 |     4 ||    28
Evoke: Wand              |     2 |     4 |     2 |       |       |       ||     8
       Box of beasts     |       |       |       |       |     1 |       ||     1
  Use: Scroll            |       |       |       |     1 |       |       ||     1
       Potion            |       |       |       |     1 |     2 |     5 ||     8
Armor: Scale mail        |     1 |     4 |    14 |       |       |       ||    19
       Acid dragon scale |       |       |       |    21 |       |       ||    21
       Gold dragon scale |       |       |       |     8 |    67 |    40 ||   115
Dodge: Dodged            |     1 |    11 |    35 |    95 |    56 |    53 ||   251
Block: Kite shield       |     2 |    12 |    59 |   159 |   163 |   106 ||   501
